 Dungeon Crawl Stone Soup version 0.19-a0-517-gd6a9987 (webtiles) character file.

107 epen the Grasshopper (level 4, -2/23 HPs)
             Began as a Spriggan Warper on June 6, 2016.
             Shot with an arrow by a centaur (4 damage)
             ... on level 3 of the Dungeon.
             The game lasted 00:07:46 (5024 turns).

epen the Grasshopper (Spriggan Warper)              Turns: 5024, Time: 00:07:47

Health: -2/23      AC:  2    Str:  7    XL:     4   Next: 57%
Magic:  15/18      EV: 19    Int: 14    God:
Gold:   192        SH:  0    Dex: 16    Spells: 3 memorised, 3 levels left

rFire  . . .     SeeInvis +     a - +0 short sword
rCold  . . .     Gourm    .     b - +0 robe
rNeg   . . .     Faith    .     (shield restricted)
rPois  .         Spirit   .     (helmet restricted)
rElec  .         Dismiss  .     (no cloak)
rCorr  .         Reflect  .     (gloves unavailable)
SustAt .         Harm     .     (boots unavailable)
MR     .....                    (no amulet)
Stlth  ++........               D - +1 ring of slaying
                                m - ring of magical power

@: very quick, not resistant to hostile enchantments, unstealthy
A: unfitting armour, see invisible, herbivore 3, speed 3, slow metabolism 2
a: no special abilities


You were on level 3 of the Dungeon.
You were hungry.

You visited 1 branch of the dungeon, and saw 4 of its levels.
You also visited: Sewer.

You collected 192 gold pieces.

Inventory:

Hand Weapons
 a - a +0 short sword (weapon)
Missiles
 e - 5 tomahawks of dispersal (quivered)
 C - 24 poisoned needles
Armour
 b - a +0 robe (worn)
Jewellery
 m - a ring of magical power (left hand)
 D - a +1 ring of slaying (right hand)
Scrolls
 d - 2 scrolls of blinking
 g - 4 scrolls of teleportation {unknown}
 j - 2 scrolls of enchant armour {unknown}
 l - 9 scrolls of identify {unknown}
 n - 2 scrolls of fog {unknown}
 o - 2 scrolls of amnesia {unknown}
 p - a scroll of random uselessness {unknown}
 u - a scroll of recharging {unknown}
 y - 2 scrolls of enchant weapon {unknown}
 H - a scroll of fear {unknown}
Potions
 h - a potion of magic {unknown}
 i - 2 potions of agility {unknown}
 k - a potion of berserk rage {unknown}
 q - a potion of brilliance {unknown}
 r - a potion of invisibility {unknown}
 s - a potion of ambrosia {unknown}
 t - 2 potions of haste {unknown}
 w - a potion of cancellation {unknown}
 z - a potion of lignification {unknown}
 A - a potion of flight {unknown}
 B - a potion of degeneration {unknown}
 E - a potion of curing {unknown}
 F - a potion of mutation {unknown}
 I - a potion of might {unknown}
Books
 c - a book of Spatial Translocations

   Spells                             Type                      Level
   a - Apportation                    Translocation                1
   b - Blink                          Translocation                2
   c - Shroud of Golubria             Charms/Translocation         2
   d - Portal Projectile              Translocation                3
   e - Teleport Other                 Translocation                3
   f - Passage of Golubria            Translocation                4
 G - a Young Poisoner's Handbook

   Spells                             Type                      Level
   a - Sting                          Conjuration/Poison           1
   b - Cure Poison                    Poison                       2
   c - Mephitic Cloud                 Conjuration/Poison/Air       3
   d - Olgreb's Toxic Radiance        Poison                       4
   e - Venom Bolt                     Conjuration/Poison           5
Comestibles
 f - 6 bread rations
 v - 2 slices of pizza
 x - a fruit


   Skills:
 + Level 2.0 Fighting
 + Level 2.8 Short Blades
 + Level 1.4 Throwing
 + Level 4.1 Dodging
 * Level 1.9 Stealth
 + Level 3.1 Spellcasting
 * Level 5.7 Translocations


You had 3 spell levels left.
You knew the following spells:

 Your Spells              Type           Power        Failure   Level  Hunger
a - Apportation           Tloc           ###.......   1%          1    #......
b - Blink                 Tloc           N/A          2%          2    ##.....
c - Teleport Other        Tloc           ###.....     8%          3    ###....


Dungeon Overview and Level Annotations

Branches:
Dungeon (4/15)
 Temple: D:4-7

Altars:
Elyvilon
Sif Muna

Annotations:
D:4 Pikel


Innate Abilities, Weirdness & Mutations

You are tiny and cannot use many weapons and most armour.
You have supernaturally acute eyesight. (SInv)
You are a herbivore.
You cover ground extremely quickly.
You need consume almost no food.


Message History

The centaur hits you. The centaur misses you.
You hit the centaur.
The centaur is heavily wounded.
The centaur closely misses you.
You barely miss the centaur.
The centaur is heavily wounded.
The centaur misses you. The centaur hits you.
* * * LOW HITPOINT WARNING * * *
You are too injured to fight recklessly!
Casting: Teleport Other
Confirm with . or Enter, or press ? or * to list all spells.
Aiming: Teleport Other
Press: ? - help, Shift-Dir - straight line, f - centaur
Aim: a centaur (heavily wounded, chance to defeat MR: 56%)
The centaur resists with significant effort.
The centaur misses you.
You see here an arrow.
The centaur wields an uncursed shortbow.
The centaur shoots an arrow.
The arrow hits you.
You die...

##.#.......#<........#.#.(...#.##
'............................(...
##.######......).....#.#.##..#.##
##.# #.######......[..##..#.#
##.######.######.........##..#.#
...............'.............#.#
.......##.######c........#...#.#
##.....##.# #(........#..##.#
##.....##.######@........#.....#
.......##.................#..####
.......##.#############..........
#######################......####
......................'..........
#######################.....#.###
.........# #.........÷
...############# #[....c..##
.<..#####≈#≈≈#≈### #......#.#


You could see a centaur.

Vanquished Creatures
  4 adders
  2 worms (D:2)
  A dart slug (D:2)
  2 giant geckos
  2 giant cockroaches
  8 goblins
  2 hobgoblins
  2 quokkas (D:3)
  3 ball pythons
  10 bats
  3 giant newts
  14 kobolds
  10 rats
63 creatures vanquished.

Notes
Turn   | Place    | Note
--------------------------------------------------------------
     0 | D:1      | epen the Spriggan Warper began the quest for the Orb.
     0 | D:1      | Reached XP level 1. HP: 10/10 MP: 5/5
   156 | D:1      | Reached XP level 2. HP: 15/15 MP: 6/6
   160 | D:1      | Learned a level 2 spell: Blink
   659 | D:1      | Reached skill level 5 in Translocations
   827 | D:2      | Found a faded altar of an unknown god.
  1024 | D:2      | Reached XP level 3. HP: 10/18 MP: 8/8
  2444 | D:3      | Found a glowing drain.
  2452 | Sewer    | Entered a sewer
  2582 | Sewer    | Learned a level 3 spell: Teleport Other
  2603 | Sewer    | Reached skill level 1 in Stealth
  3198 | D:3      | Reached XP level 4. HP: 4/23 MP: 5/9
  3654 | D:4      | Found a white marble altar of Elyvilon.
  3667 | D:4      | Found a deep blue altar of Sif Muna.
  4394 | D:4      | Noticed an ogre
  4438 | D:3      | Noticed a centaur
  4769 | D:4      | Noticed a slave
  4770 | D:4      | Noticed a slave
  4771 | D:4      | Noticed Pikel
  4771 | D:4      | Noticed a slave
  4786 | D:4      | Noticed a slave
  5024 | D:3      | Shot with an arrow by a centaur

Vault maps used:
D:1:      erik_arrival_cave_to_civilisation
D:2:      ecumenical_altar_1
D:3:      lightli_sewer_entry_pipes
D:4:      grunt_temple_overflow_open, first_bread, serial_shops,
          nicolae_shop_window_shopping, minmay_misc_feat_rows, uniq_pikel,
          uniq_edmund
Sewer:    kennysheep_pipe_town

Skill      XL: |  1  2  3  4 |
---------------+-------------+-----
Translocations | 5 |  5.7
Spellcasting   | 3 |  3.1
Dodging        | 4 |  4.1
Stealth        | 1 |  1.9
Fighting       | 2 |  2.0
Short Blades   | |  2.8
Throwing       | |  1.4

Action                   |  1- 3 |  4- 6 || total
-------------------------+-------+-------++-------
Melee: Short sword       |   215 |    88 ||   303
 Cast: Teleport Other    |     3 |     6 ||     9
 Stab: Sleeping          |     8 |     1 ||     9
  Eat: Fruit             |       |     2 ||     2
Armor: Robe              |    26 |     6 ||    32
Dodge: Dodged            |   200 |    80 ||   280
